 Dungeon Crawl Stone Soup version 0.30.1-9-gdf580d7c3d (webtiles) character file.

Game seed: 1042941779859538222

66 ChiefBigBeans the Cudgeller (level 3, 0/34 HPs)
             Began as a Minotaur Berserker on Sept 27, 2023.
             Was a Believer of Trog.
             Succumbed to a goblin's poison
             ... on level 3 of the Dungeon.
             The game lasted 00:02:09 (1229 turns).

ChiefBigBeans the Cudgeller (Minotaur Berserker)    Turns: 1229, Time: 00:02:10

Health: 0/34       AC: 10    Str: 23    XL:     3   Next: 96%
Magic:  2/2        EV:  7    Int:  4    God:    Trog [**....]
Gold:   130        SH:  6    Dex:  9    Spells: 2/2 levels left

rFire   . . .        a - +0 mace
rCold   . . .        l - +0 kite shield
rNeg    . . .        m - +0 chain mail
rPois   .            (helmet restricted)
rElec   .            c - +1 cloak
rCorr   .            (no gloves)
SInv    .            (no boots)
Will    .....        (no amulet) Stlth
                     (no ring)
HPRegen 0.25/turn    (no ring)
MPRegen 0.08/turn

%: no passive effects
@: lethally poisoned (0 -> -1)
A: horns 2, retaliatory headbutt
a: Renounce Religion, Berserk, Trog's Hand


You were on level 3 of the Dungeon.
You worshipped Trog.
Trog was pleased with you.
You visited 1 branch of the dungeon, and saw 3 of its levels.

You collected 130 gold pieces.

Inventory:

Hand Weapons
 a - a +0 mace (weapon)
Armour
 b - a +0 animal skin
 c - a +1 cloak (worn)
 i - a +0 ring mail
 l - a +0 kite shield (worn)
 m - a +0 chain mail (worn)
Wands
 j - a wand of quicksilver (9)
Scrolls
 f - 3 scrolls of amnesia {unknown}
 h - a scroll of acquirement {unknown}
Potions
 d - a potion of degeneration {unknown}
 e - a potion of ambrosia {unknown}
 g - a potion of invisibility {unknown}
 k - a potion of attraction {unknown}


   Skills:
 + Level 4.7 Fighting
 + Level 4.7 Maces & Flails
 - Level 2.4 Armour
 - Level 2.1 Dodging
 + Level 1.2 Shields


You had 2 spell levels left.
You didn't know any spells.
Your spell library was empty.

Dungeon Overview and Level Annotations

Branches:
Dungeon (3/15)

Altars:

Shops:
D:3 *

Annotations:
D:3 Robin


Innate Abilities, Weirdness & Mutations

You have a pair of horns on your head.
You reflexively headbutt those who attack you in melee.


Message History

You hit the goblin.
You kill the goblin!
Trog accepts your kill.
You feel very sick. The goblin hits you with a +0 club. x2
You are too injured to fight recklessly!
You are too injured to fight recklessly!
You are too injured to fight recklessly!
You thump the hobgoblin!
You kill the hobgoblin!
Trog accepts your kill.
You feel sick. The goblin hits you with a +0 club.
* * * LOW HITPOINT WARNING * * *
The goblin barely misses you.
You hit the hobgoblin.
The hobgoblin is severely wounded.
You feel sick. Robin throws the goblin at you! The goblin closely misses you.
The hobgoblin barely misses you. You block the goblin's attack.
The goblin hits you but does no damage. The goblin completely misses you.
You furiously retaliate!
You headbutt the goblin!
You kill the goblin!
Trog accepts your kill. The goblin hits you but does no damage.
The goblin hits you with a +0 club.
* * * LOW HITPOINT WARNING * * *
The hobgoblin hits you.
* * * LOW HITPOINT WARNING * * *
You hit the hobgoblin.
You kill the hobgoblin!
Trog accepts your kill.
* * * LOW HITPOINT WARNING * * *
You feel sick. You block the goblin's attack. Robin throws the goblin at you!
The goblin hits you but does no damage. You block the goblin's attack.
You miss the frilled lizard.
* * * LOW HITPOINT WARNING * * *
You feel sick. The goblin barely misses you.
The frilled lizard barely misses you. You block the goblin's attack. x2
You hit the frilled lizard.
You kill the frilled lizard!
Trog accepts your kill.
You die...

#.# #........#
#..........# ..#
##.#######
#..#######.#
#.####)# #..# #.#
#...##.## #..# #.#
......... #..# #.#
.......# #..# #.#
#...#### ### #..#
#.# #...####
.....###g.#######.#
.......+
....gg)@g.........#
#<######
.....g##g.#########
### ..... #.## ....
#.# ... #.# .. #.#
. #.# #.# #.#


You could see Robin and 5 goblins.

Vanquished Creatures
  2 adders (D:2)
  3 dart slugs
  2 orcs (D:3)
  5 ball pythons
  4 endoplasms
  3 giant cockroaches
  4 hobgoblins
  2 jackals (D:1)
  A quokka (D:1)
  2 bats (D:1)
  2 frilled lizards
  7 goblins
  A kobold (D:1)
38 creatures vanquished.

Notes
Turn   | Place    | Note
-------+----------+-------------------------------------------
     0 | D:1      | ChiefBigBeans the Minotaur Berserker began the quest for
                  | the Orb.
     0 | D:1      | Reached XP level 1. HP: 19/19 MP: 0/0
   142 | D:1      | Reached XP level 2. HP: 27/27 MP: 1/1
   748 | D:2      | Reached ** piety under Trog
   749 | D:2      | Reached XP level 3. HP: 34/34 MP: 2/2
  1105 | D:3      | Reached skill level 1 in Shields
  1105 | D:3      | Found Jozuiw's Assorted Antiques.
  1219 | D:3      | Noticed Robin
  1227 | D:3      | HP: 1/34 [poisoned by a goblin]
  1229 | D:3      | Succumbed to a goblin's poison

Illustrated notes

Levels and vault maps discovered:
D:1:      ldierk_walled_garden_2, layout_rooms, chequers_jeans, minivault_23,
          minmay_misc_feat_four_crosses
D:2:      layout_basic
D:3:      kennysheep_big_flooded_room, layout_basic, serial_shops, shop,
          chequers_serial_rivers_micro_b, uniq_robin

Skill      XL: |  1  2  3 |
---------------+----------+-----
Fighting       | 4 |  4.7
Maces & Flails | 4 |  4.7
Shields        | 1 |  1.2
Armour         | |  2.4
Dodging        | |  2.1

Action                     || total
---------------------------++-------
  Melee: Mace              ||    72
         Headbutt          ||     8
 Armour: Animal skin       ||    12
         Chain mail        ||    14
         Ring mail         ||     2
  Dodge: Dodged            ||    41
  Block: Kite shield       ||    13
